 Dungeon Crawl Stone Soup version 0.31.0-11-ge490571c62 (webtiles) character file.

Game seed: 15834555770023925403

156 qw the Shooter (level 5, 0/27 HPs)
             Began as a Spriggan Hunter on Feb 3, 2024.
             Slain by a black bear (5 damage)
             ... on level 4 of the Dungeon.
             The game lasted 00:00:39 (2340 turns).

qw the Shooter (Spriggan Hunter)                    Turns: 2340, Time: 00:00:39

Health: 0/27       AC:  2    Str:  7    XL:     5   Next: 15%
Magic:  6/6        EV: 20    Int: 11    God:
Gold:   152        SH:  0    Dex: 20    Spells: 4/4 levels left

rFire   . . .        a - +0 shortbow
rCold   . . .        (shield currently unavailable)
rNeg    . . .        c - +0 robe
rPois   .            (helmet restricted)
rElec   .            (no cloak)
rCorr   .            (gloves unavailable)
SInv    +            (boots unavailable)
Will    .....        (no amulet)
Stlth   ++           (no ring)
HPRegen 0.24/turn    (no ring)
MPRegen 0.10/turn

%: no passive effects
@: very quick
A: very small, no large weapons, unfitting armour, see invisible, speed 3
a: no special abilities


You were on level 4 of the Dungeon.
You visited 1 branch of the dungeon, and saw 4 of its levels.

You collected 152 gold pieces.


Innate Abilities, Weirdness & Mutations

You are very small and have problems with some larger weapons.
You are too small for most types of armour.
You have supernaturally acute eyesight. (SInv)
You cover ground extremely quickly. (Speed+++)


   Skills:
 - Level 2.5 Fighting
 + Level 5.0 Ranged Weapons
 - Level 5.0 Dodging
 - Level 1.5 Stealth


You had 4 spell levels left.
You didn't know any spells.
Your spell library was empty.

Inventory:

Hand Weapons
 a - a +0 shortbow (weapon)
Armour
 c - a +0 robe (worn)
Wands
 e - a wand of charming (13)
Potions
 d - a potion of degeneration {unknown}
 f - a potion of might
 g - 2 potions of curing
 h - a potion of haste {unknown}
 i - a potion of resistance {unknown}

Dungeon Overview and Level Annotations

Branches:
Dungeon (4/15)
 Temple: D:4-7

Altars:


Message History

The hound misses you. The hound closely misses you.
You shoot an arrow. The arrow closely misses the hound.
The arrow closely misses the quokka.
The hound misses you. The hound completely misses you.
You shoot an arrow. The arrow closely misses the hound.
The arrow hits the quokka.
The quokka is heavily wounded.
The hound bites you but does no damage. The hound misses you.
You shoot an arrow. The arrow closely misses the hound.
The arrow misses the quokka.
The hound completely misses you.
You shoot an arrow. The arrow barely misses the hound.
The arrow completely misses the quokka.
The hound bites you.
You shoot an arrow. The arrow hits the black bear!
The black bear is severely wounded.
You shoot an arrow.
The arrow closely misses the black bear.
The arrow barely misses the quokka.
The black bear bites you but does no damage.
The black bear barely misses you. The black bear completely misses you.
The black bear bites you! The black bear misses you. x2
You shoot an arrow. The arrow hits the black bear.
The black bear is almost dead.
The black bear goes berserk!
You shoot an arrow.
The arrow closely misses the black bear.
The arrow hits the quokka!
You kill the quokka!
The black bear bites you! The black bear closely misses you. x2
2339 ||| DRINKING potion of heal wounds.
You feel much better. The black bear misses you.
The black bear closely misses you. The black bear claws you.
The black bear misses you. The black bear claws you.
The black bear completely misses you.
You shoot an arrow. The arrow hits the black bear.
The black bear is almost dead.
The black bear closely misses you. The black bear completely misses you.
The black bear claws you. The black bear bites you!
The black bear claws you. x2
You die...

#####..#..####.# #.
##...## #.# #. ##.##
#.# #. #.#########
#####
#...#.###.###.###
###..#.#.#.#.#.#.
#...#.#.#.#.#.#.
#####.####.###.###.#
#..@hh...### ### ###
#....#####.## #.##
#..h.rh.. #..##.#.#
#?.. #..## #..# #..#
#...


You could see a black bear (berserk) and a hound.

Vanquished Creatures
  A scorpion (D:4)
  4 adders
  A dart slug (D:1)
  2 ribbon worms (D:2)
  An orc (D:3)
  4 endoplasms
  2 giant cockroaches
  7 goblins
  4 hobgoblins
  2 jackals (D:4)
  3 kobolds
  7 quokkas
  4 ball pythons
  7 bats
  2 frilled lizards (D:1)
  4 rats
55 creatures vanquished.

Notes
Turn   | Place    | Note
-------+----------+-------------------------------------------
     0 | D:1      | qw the Spriggan Hunter began the quest for the Orb.
     0 | D:1      | Reached XP level 1. HP: 10/10 MP: 2/2
     0 | D:1      | 0 ||| qw: Version: 0.3-a-155-g5e7d8dd
     0 | D:1      | 0 ||| qw: Game counter: 3178
     0 | D:1      | 0 ||| qw: Melee chars always use a shield: true
     0 | D:1      | 0 ||| qw: God list: Okawaru
     0 | D:1      | 0 ||| qw: Allow faded altars: false
     0 | D:1      | 0 ||| qw: Do Orc after clearing Dungeon:15 true
     0 | D:1      | 0 ||| qw: Do second Lair branch before Depths: true
     0 | D:1      | 0 ||| qw: Lair rune preference: random
     0 | D:1      | 0 ||| qw: Goals: Normal
     0 | D:1      | 0 ||| PLANNING D:1-11
    63 | D:1      | Reached skill level 3 in Dodging
   118 | D:1      | Reached XP level 2. HP: 14/14 MP: 3/3
   410 | D:1      | Found a faded altar of an unknown god.
   882 | D:1      | 882 ||| READING scroll labelled WIEDWO WUTOHA.
   882 | D:1      | 882 ||| IDENTIFYING viscous cyan potion
   883 | D:1      | 883 ||| READING scroll labelled APTAIPLEURU.
   884 | D:1      | 884 ||| READING scroll labelled DUSKELOA HEGA.
   885 | D:1      | 885 ||| READING scroll labelled YHONOZ QURPH.
   886 | D:1      | 886 ||| READING scroll labelled ZOTOOXAIMOBB.
   891 | D:1      | 891 ||| DROPPING scroll of butterflies.
   958 | D:2      | Reached XP level 3. HP: 18/18 MP: 4/4
  1586 | D:2      | 1586 ||| READING scroll of identify.
  1586 | D:2      | 1586 ||| IDENTIFYING grey potion
  1587 | D:2      | 1587 ||| READING scroll labelled PYN XEHOMYOFRE.
  1618 | D:2      | 1618 ||| READING scroll labelled UTOIR ACHISK.
  1666 | D:3      | Reached XP level 4. HP: 22/22 MP: 5/5
  2118 | D:3      | 2118 ||| READING scroll labelled LEIFIO PEPY.
  2119 | D:3      | 2119 ||| DRINKING 2 white potions.
  2168 | D:4      | Noticed a scorpion
  2175 | D:4      | Killed a scorpion
  2176 | D:4      | Reached XP level 5. HP: 24/27 MP: 6/6
  2315 | D:4      | Noticed a black bear
  2318 | D:4      | 2318 ||| RETREEEEATING.
  2321 | D:4      | 2321 ||| RETREEEEATING.
  2322 | D:4      | 2322 ||| RETREEEEATING.
  2324 | D:4      | 2324 ||| RETREEEEATING.
  2338 | D:4      | HP: 3/27 [black bear (9)]
  2339 | D:4      | 2339 ||| DRINKING potion of heal wounds.
  2340 | D:4      | Slain by a black bear

Levels and vault maps discovered:
D:1:      lemuel_arrival_muddy, layout_basic, shapermc_ecumenical_altar_petra,
          serial_curves, eino_curves_04, eino_curves_02, columned_hall_lemuel
D:2:      layout_loops_ring
D:3:      layout_loops_ring, nicolae_concentric_dashed_squares_mild
D:4:      layout_loops_ring, minmay_temple_entry_glassed_door,
          grunt_decor_resistance, minmay_manual_moon

Skill      XL: |  1  2  3  4 |
---------------+-------------+-----
Dodging        | 3 4 5 |  5.0
Ranged Weapons | 5 |  5.0
Fighting       | 2 |  2.5
Stealth        | |  1.5

Action                     |  1- 3 |  4- 6 || total
---------------------------+-------+-------++-------
   Fire: Shortbow          |   100 |    68 ||   168
    Use: Scroll            |     8 |     1 ||     9
         Potion            |       |     2 ||     2
 Armour: Robe              |     7 |    18 ||    25
  Dodge: Dodged            |    17 |    51 ||    68

Table legend:
 A = Non-vault XP
 B = Vault XP
 C = Vault XP percentage of total XP
 D = Non-vault monster count
 E = Vault monster count
 F = Vault count percentage of total count
                 A         B        C        D         E       F
            +---------+---------+-------+---------+---------+-------
      Total |     224 |       0 |   0.0 |      55 |       0 |   0.0
            +---------+---------+-------+---------+---------+-------
        D:1 |      39 |       0 |   0.0 |      23 |       0 |   0.0
        D:2 |      54 |       0 |   0.0 |      15 |       0 |   0.0
        D:3 |      46 |       0 |   0.0 |      13 |       0 |   0.0
        D:4 |      85 |       0 |   0.0 |       4 |       0 |   0.0
            +---------+---------+-------+---------+---------+-------
